 Dungeon Crawl Stone Soup version 0.24.0-2-g5b39cebb1c (webtiles) character file.

Game seed: 13049124311810196709, levelgen mode: deterministic

165 night the Chopper (level 5, -5/48 HPs)
             Began as a Minotaur Berserker on Oct 29, 2019.
             Was a Believer of Trog.
             Killed by divine providence
             ... invoked by an orc priest
              (13 damage)
             ... on level 3 of the Dungeon.
             The game lasted 00:04:33 (1915 turns).

night the Chopper (Minotaur Berserker)              Turns: 1915, Time: 00:04:34

Health: -5/48      AC:  8    Str: 23    XL:     5   Next: 21%
Magic:  4/4        EV:  8    Int:  4    God:    Trog [**....]
Gold:   143        SH:  0    Dex:  9    Spells: 4/4 levels left

rFire    . . .     SeeInvis .   a - +0 hand axe
rCold    . . .     Gourm    .   (no shield)
rNeg     . . .     Faith    .   r - +0 chain mail
rPois    .         Spirit   .   (helmet restricted)
rElec    .         Reflect  .   (no cloak)
rCorr    .         Harm     .   (no gloves)
MR       .....                  (no boots)
Stlth    ..........             (no amulet)
HPRegen  0.16/turn              (no ring)
MPRegen  0.09/turn              (no ring)

@: no status effects
A: retaliatory headbutt, horns 2
a: Berserk, Trog's Hand, Renounce Religion


You were on level 3 of the Dungeon.
You worshipped Trog.
Trog was pleased with you.
You were not hungry.

You visited 1 branch of the dungeon, and saw 3 of its levels.

You collected 143 gold pieces.

Inventory:

Hand Weapons
 a - a +0 hand axe (weapon)
Armour
 r - a +0 chain mail (worn)
Scrolls
 d - 2 scrolls of blinking {unknown}
 g - 2 scrolls of remove curse
 h - 2 scrolls of identify
 i - a scroll of fog {unknown}
 m - 3 scrolls of noise {unknown}
Potions
 f - 2 potions of curing {unknown}
 j - a potion of resistance
 l - 3 potions of heal wounds
 n - 2 potions of lignification {unknown}
 o - a potion of haste {unknown}
 p - a potion of degeneration {unknown}
 q - a potion of magic {unknown}
Comestibles
 c - 7 rations
 k - 5 chunks of flesh


   Skills:
 + Level 5.0 Fighting
 * Level 6.2 Axes
 - Level 2.4 Armour
 - Level 2.1 Dodging


You had 4 spell levels left.
You didn't know any spells.
Your spell library was empty.

Dungeon Overview and Level Annotations

Branches:
Dungeon (3/15)

Altars:
Gozag
Hepliaklqana
Uskayaw


Innate Abilities, Weirdness & Mutations

You reflexively headbutt those who attack you in melee.
You have a pair of horns on your head.


Message History

You headbutt the orc priest, but do no damage.
The orc priest is lightly wounded.
The orc priest closely misses you.
You barely miss the orc priest.
The orc priest is lightly wounded.
The orc priest hits you but does no damage.
You hit the orc priest but do no damage.
You headbutt the orc priest!
The orc priest is almost dead.
The orc priest looks encouraged for a moment.
You hit the orc priest but do no damage.
The orc priest is almost dead.
The orc priest invokes the aid of Beogh against you.
Pain shoots through your body!
* * * LOW HITPOINT WARNING * * *
You hit the orc priest.
The orc priest is almost dead.
The orc priest mumbles some strange prayers to Beogh against you.
Beogh smites you!
You die...

...# #......)....# ##
...# #...........#..#.#
...# ...........#..#.#
...#####..............#.
.................#......
....#####....#..........
........####............
........# ##...).......
........# #...@.......
..#.....# #.....[o..$...
.........###.###........
........## ♣. ###.#....
......... ♣. ...$..
##........ .. ..#...
#.......#♣♣. .. .. ...


You could see an orc priest.

Vanquished Creatures
  Jessica (D:2)
  2 adders
  2 oozes
  3 worms
  2 dart slugs (D:1)
  2 leopard geckos
  15 orcs (D:3)
  3 giant cockroaches
  3 goblins
  5 hobgoblins
  6 jackals
  4 quokkas
  2 ball pythons
  6 bats
  8 frilled lizards
  13 kobolds
  5 rats
82 creatures vanquished.

Notes
Turn   | Place    | Note
-------+----------+-------------------------------------------
     0 | D:1      | night the Minotaur Berserker began the quest for the Orb.
     0 | D:1      | Reached XP level 1. HP: 19/19 MP: 0/0
   188 | D:1      | Reached skill level 4 in Axes
   391 | D:1      | Reached XP level 2. HP: 26/27 MP: 1/1
   892 | D:2      | Found an opulent altar of Gozag.
   914 | D:2      | Reached XP level 3. HP: 33/33 MP: 2/2
   964 | D:2      | Noticed Jessica
   969 | D:2      | Killed Jessica
   969 | D:2      | Reached skill level 5 in Axes
   970 | D:2      | Reached ** piety under Trog
   979 | D:2      | Reached XP level 4. HP: 41/41 MP: 3/3
  1095 | D:2      | Found a hazy altar of Hepliaklqana.
  1505 | D:2      | Found a hide-covered altar of Uskayaw.
  1674 | D:3      | Reached skill level 6 in Axes
  1827 | D:3      | Reached XP level 5. HP: 44/47 MP: 4/4
  1845 | D:3      | Reached skill level 5 in Fighting
  1915 | D:3      | Killed from afar by an orc priest

Levels and vault maps discovered:
D:1:      wander_arrival_fairy_ring, layout_loops_ring
D:2:      layout_basic, marbit_many_paths, nicolae_overflow_crystal_walls,
          overflow_temple_1_default, uniq_jessica
D:3:      layout_basic, kennysheep_slug_shrine, nicolae_overflow_hidden_temple,
          first_ration, minmay_tree_intersection, kennysheep_generic_room_13

Skill      XL: |  1  2  3  4  5 |
---------------+----------------+-----
Axes           | 4 5 6 |  6.2
Fighting       | 4 5 |  5.0
Armour         | |  2.4
Dodging        | |  2.1

Action                   |  1- 3 |  4- 6 || total
-------------------------+-------+-------++-------
Melee: Hand axe          |    54 |   100 ||   154
       Headbutt          |     7 |    17 ||    24
Invok: Berserk           |     2 |     2 ||     4
  Use: Scroll            |       |     2 ||     2
  Eat: Chunk             |     1 |     6 ||     7
Armor: Leather armour    |     8 |     8 ||    16
       Chain mail        |       |    24 ||    24
Dodge: Dodged            |    39 |    41 ||    80
